Map: Línea Aguablanca EE

Players

MrFercho

  • Race: Terran Terran
  • League: Silver
  • Spawn Location: 6:00

TATORREA

  • Race: Protoss Protoss
  • League: Silver
  • Spawn Location: 7:00

tigro

  • Race: Terran Terran
  • League: Bronze
  • Spawn Location: 7:00

Mistic - Winner!

  • Race: Terran Terran
  • League: Gold
  • Spawn Location: 1:00

Slayer - Winner!

  • Race: Protoss Protoss
  • Spawn Location: 1:00

goojin - Winner!

  • Race: Protoss Protoss
  • League: Gold
  • Spawn Location: 12:00

VOD

Have the link to the VOD?

Description

Time

  • Played on: May 19, 2020, 10:53 p.m.
  • Length: 22:24
Show
View Real Time Build Order
Export as new Build Order

MrFercho Terran 

Build Orders:  

Get SALT Encoding   

  12  0:01  SCV  
  13  0:20  SCV, Supply Depot  
  14  0:34  SCV  
  15  0:35  Engineering Bay  
  15  0:50  Refinery  
  15  0:51  SCV  
  16  1:03  SCV  
  17  1:08  Barracks  
  17  1:15  SCV  
  18  1:31  Supply Depot  
  18  1:36  SCV  
  19  1:53  Supply Depot  
  19  1:55  Orbital Command  
  19  2:02  Barracks Reactor  
  19  2:17  Refinery  
  19  2:36  SCV  
  20  2:42  Reaper x2  
  22  2:48  SCV  
  23  3:00  SCV  
  24  3:08  Command Center  
  24  3:12  Terran Infantry Armor Level 1  
  24  3:20  Reaper  
  25  3:45  Factory  
  22  5:02  SCV  
  23  5:07  Refinery  
  23  5:14  SCV  
  24  5:23  Refinery  
  24  5:27  Orbital Command  
  24  5:31  Factory Tech Lab  
  24  5:34  Marine x2  
  26  5:49  Starport  
  26  5:51  Siege Tank  
  26  5:52  Marine x2  
  31  6:00  SCV  
  32  6:08  SCV  
  32  6:09  Marine  
  32  6:10  Marine  
  35  6:12  SCV  
  36  6:21  SCV  
  36  6:22  Supply Depot  
  36  6:24  SCV, Siege Tank  
  41  6:27  Starport, Marine  
  41  6:28  Terran Infantry Weapons Level 1, Marine  
  43  6:33  SCV  
  43  6:36  SCV  
  43  6:37  Starport Tech Lab  
  45  6:45  SCV, Supply Depot  
  46  6:49  SCV  
  47  6:57  SCV  
  47  6:58  Starport  
  48  7:07  Siege Tank  
  51  7:44  SCV  
  52  7:56  SCV  
  53  8:08  SCV  
  54  8:20  SCV  
  54  8:23  Supply Depot  
  55  8:32  SCV  
  56  8:39  Cloaking Field  
  56  8:42  Medivac  
  56  8:43  Liberator  
  61  8:48  Supply Depot  
  61  8:50  Banshee  
  64  9:06  Armory  
  64  9:32  Banshee  
  67  9:46  Starport Tech Lab  
  67  9:47  Starport Tech Lab  
  67  9:53  Fusion Core  
  67  9:57  Supply Depot  
  64  10:15  Banshee  
  64  10:19  Supply Depot  
  67  10:27  Viking  
  67  10:28  Viking  
  71  10:38  Terran Vehicle And Ship Armor Level 1  
  65  10:48  Orbital Command  
  59  10:57  Viking  
  59  10:58  Viking, Banshee  
  66  11:24  Missile Turret  
  66  11:25  Missile Turret  
  66  11:27  Viking  
  66  11:28  Viking, Missile Turret, Siege Tank  
  66  11:31  Missile Turret  
  73  11:40  Marine x2  
  73  11:41  Viking  
  77  11:57  Viking x2, Marine  
  77  11:58  SCV, Marine  
  84  12:10  SCV  
  84  12:11  Viking  
  84  12:15  Marine  
  87  12:16  Marine  
  89  12:22  SCV  
  89  12:27  Viking x2  
  94  12:33  Marine x2  
  94  12:35  SCV  
  97  12:41  Viking  
  99  12:47  SCV  
  89  13:24  Missile Turret  
  85  14:13  SCV  
  86  14:25  SCV  
  87  14:37  SCV  
  86  14:49  SCV  
  86  14:57  Factory  
  86  15:00  Factory  
  86  15:01  SCV  
  85  15:11  Missile Turret  
  85  15:14  SCV  
  86  15:26  SCV  
  87  15:33  Battlecruiser x3, Missile Turret  
  105  15:38  SCV  
  106  15:43  Factory  
  106  15:45  Factory  
  103  15:50  SCV  
  104  16:02  SCV  
  105  16:05  Factory Tech Lab x2  
  105  16:34  Factory Tech Lab  
  105  16:35  Factory Tech Lab  
  105  16:37  Battlecruiser  
  111  16:45  Command Center  
  111  16:46  Refinery  
  111  16:47  Refinery x2  
  111  16:48  Refinery  
  111  17:13  Command Center  
  111  17:50  Thor  
  117  17:56  Thor x2  
  129  18:24  Thor  
  135  18:28  SCV  
  135  18:32  Thor  
  142  18:35  SCV  
  142  18:40  SCV  
  136  18:47  SCV  
  131  18:52  SCV  
  108  18:59  SCV  
  103  19:04  SCV  
  84  19:16  SCV  
  83  19:17  Viking  
  83  19:18  Viking x2  
  86  19:35  Missile Turret  
  69  20:12  Hellion  
  69  20:13  Hellion x3  
  77  20:34  Hellion x4  
  79  20:55  Hellion  
  79  20:56  Hellion x3  
Show
View Real Time Build Order
Export as new Build Order

TATORREA Protoss 

Build Orders:  

Get SALT Encoding   

  12  0:03  Probe  
  13  0:22  Probe  
  14  0:30  Pylon  
  14  0:34  Probe  
  15  0:41  Assimilator  
  15  0:48  Probe  
  16  1:03  Probe  
  17  1:10  Gateway  
  17  1:14  Gateway  
  17  1:16  Probe  
  18  1:28  Probe  
  19  1:37  Pylon  
  19  1:40  Probe  
  20  1:48  Pylon  
  20  1:52  Probe, Pylon  
  21  1:57  Zealot  
  21  2:01  Zealot  
  25  2:06  Probe  
  26  2:11  Assimilator  
  26  2:28  Zealot  
  26  2:29  Zealot  
  30  2:32  Cybernetics Core  
  30  3:02  Probe  
  31  3:08  Gateway  
  31  3:09  Pylon  
  31  3:11  Stalker  
  31  3:12  Stalker  
  35  3:18  Warp Gate  
  35  3:41  Stalker  
  35  3:42  Stalker  
  39  4:11  Stalker  
  39  4:12  Stalker  
  31  4:36  Stalker  
  33  4:41  Stalker  
  33  4:42  Stalker  
  37  5:03  Forge  
  37  5:05  Twilight Council  
  37  5:06  Stalker  
  39  5:08  Stargate  
  39  5:11  Stalker  
  39  5:12  Stalker  
  43  5:36  Stalker  
  43  5:40  Protoss Ground Weapons Level 1  
  43  5:41  Zealot  
  43  5:42  Zealot  
  49  5:44  Charge  
  49  6:06  Stalker  
  49  6:08  Stalker  
  33  6:48  Stalker x2  
  33  6:49  Stalker  
  39  6:54  Void Ray  
  43  7:11  Nexus  
  43  7:18  Protoss Air Weapons Level 1  
  43  7:24  Robotics Facility  
  43  7:29  Probe  
  44  7:34  Stalker  
  46  7:40  Stalker  
  48  7:56  Stalker  
  50  8:01  Zealot  
  52  8:13  Protoss Ground Weapons Level 2  
  52  8:17  Probe  
  53  8:29  Probe  
  54  8:36  Probe  
  54  8:41  Probe  
  56  8:45  Assimilator  
  56  8:48  Probe  
  56  8:51  Assimilator  
  56  8:52  Stalker  
  56  8:53  Probe  
  60  8:57  Zealot  
  60  9:00  Probe  
  63  9:12  Probe  
  63  9:14  Probe  
  65  9:24  Probe  
  65  9:26  Probe  
  67  9:37  Probe  
  68  9:48  Nexus  
  68  9:49  Probe  
  69  10:01  Pylon  
  69  10:03  Pylon  
  69  10:07  Pylon  
  69  10:10  Pylon  
  69  10:14  Blink  
  69  10:16  Pylon  
  69  10:19  Pylon  
  69  10:29  Fleet Beacon  
  69  10:34  Robotics Bay  
  69  10:41  Stalker  
  69  10:42  Stalker  
  37  12:18  Stalker  
  37  12:20  Stalker x2  
  45  12:30  Probe x3  
  46  12:37  Assimilator  
  46  12:40  Assimilator  
  46  12:41  Extended Thermal Lance  
  46  12:42  Probe x3  
  46  12:43  Flux Vanes  
  49  12:45  Colossus  
  49  12:46  Carrier (Chrono Boost)  
  49  12:48  Protoss Ground Weapons Level 3  
  55  12:54  Probe x3  
  64  13:06  Probe x3  
  67  13:14  Stalker x3  
  67  13:18  Probe x3  
  76  13:36  Immortal  
  80  13:42  Tempest (Chrono Boost), Stalker  
  80  13:43  Stalker  
  80  13:46  Stalker  
  91  13:53  Probe  
  92  13:57  Probe  
  92  13:59  Probe  
  94  14:17  Stalker  
  94  14:18  Tempest  
  94  14:20  Stalker  
  94  14:21  Stalker  
  105  14:25  Anion Pulse-Crystals  
  105  14:29  Immortal  
  109  14:48  Gateway  
  109  14:51  Gateway  
  109  14:55  Gateway  
  109  14:57  Gateway  
  109  15:00  Gateway  
  109  15:01  Tempest  
  109  15:02  Stargate  
  109  15:04  Stargate  
  114  15:08  Colossus  
  120  15:27  Nexus  
  120  15:43  Tempest  
  120  15:46  Assimilator  
  125  15:51  Assimilator  
  125  15:54  Tempest  
  130  16:02  Protoss Air Weapons Level 2  
  130  16:06  Pylon  
  130  16:09  Pylon  
  130  16:12  Pylon  
  130  16:17  Pylon  
  130  16:22  Pylon  
  130  16:24  Tempest  
  135  16:26  Tempest  
  135  16:27  Pylon  
  135  16:31  Pylon  
  140  16:36  Tempest, Pylon  
  140  16:39  Protoss Ground Armor Level 1 (Chrono Boost)  
  145  16:41  Pylon  
  145  16:46  Stalker x2  
  145  16:47  Stalker, Pylon  
  151  16:48  Stalker  
  151  16:49  Pylon  
  151  16:52  Stalker, Pylon  
  155  16:55  Stalker  
  155  16:59  Stalker  
  159  17:07  Tempest  
  164  17:14  Tempest  
  169  17:21  Tempest  
  174  17:41  Zealot x3  
  174  17:42  Zealot x2  
  174  17:43  Zealot  
  186  17:45  Zealot  
  186  17:48  Zealot  
  186  17:50  Tempest  
  195  18:15  Tempest  
  65  19:08  Tempest x3  
  80  19:15  Stalker  
  80  19:16  Stalker x2  
  80  19:17  Stalker x3  
  88  19:18  Stalker x2  
Show
View Real Time Build Order
Export as new Build Order

tigro Terran 

Build Orders:  

Get SALT Encoding   

  12  0:03  SCV  
  13  0:15  SCV  
  14  0:23  Supply Depot  
  14  0:28  SCV  
  15  0:36  Refinery  
  15  0:45  SCV  
  16  0:56  Barracks  
  16  1:05  SCV  
  17  1:16  Supply Depot  
  17  1:17  SCV  
  18  1:24  Refinery  
  18  1:29  SCV  
  19  1:41  SCV  
  20  1:47  Marine  
  20  1:53  SCV  
  22  2:05  Marine, Barracks  
  23  2:10  Engineering Bay  
  23  2:13  SCV  
  24  2:23  Marine  
  24  2:25  SCV  
  26  2:40  Marine  
  27  2:46  Factory  
  27  2:53  Barracks Tech Lab  
  27  2:58  Marine  
  28  3:18  Marauder  
  30  3:20  Combat Shield  
  30  3:24  Barracks Tech Lab  
  30  3:49  SCV  
  31  3:57  Supply Depot  
  31  4:04  Terran Infantry Weapons Level 1  
  31  4:08  Stimpack  
  31  4:19  Marauder  
  33  4:32  Factory Tech Lab  
  33  4:41  Marauder  
  35  4:46  Command Center  
  35  4:47  Marine  
  36  5:02  Marauder, Orbital Command  
  36  5:05  Marine  
  39  5:30  Armory  
  39  5:57  Marine  
  39  5:58  Marauder, Terran Infantry Armor Level 1, Siege Tank  
  39  6:01  Refinery  
  45  6:15  Marine  
  46  6:19  Marauder  
  48  6:26  Starport  
  37  6:33  Marine  
  34  6:41  Marauder  
  36  6:49  Planetary Fortress  
  36  6:51  Marine  
  37  7:02  Marauder  
  37  7:04  Starport  
  39  7:09  Marine  
  39  7:13  Siege Tank  
  43  7:18  Medivac  
  45  7:26  Marine  
  46  7:32  SCV  
  48  7:44  SCV  
  48  7:45  Siege Tank  
  51  7:52  Neosteel Armor  
  51  7:56  SCV  
  52  8:01  Starport Tech Lab  
  52  8:08  SCV  
  53  8:20  SCV  
  53  8:23  Fusion Core  
  54  8:27  Refinery  
  54  8:39  SCV  
  55  8:45  Starport Tech Lab  
  55  8:48  Medivac  
  57  8:51  SCV  
  58  9:03  SCV  
  59  9:15  SCV  
  60  9:27  SCV  
  67  9:38  Battlecruiser  
  67  9:48  Weapon Refit  
  67  10:01  Battlecruiser  
  73  10:15  Command Center  
  72  11:58  Missile Turret  
  61  12:25  Missile Turret  
  39  12:47  Battlecruiser  
  39  12:50  Battlecruiser  
  51  12:52  Missile Turret  
  51  12:53  Widow Mine  
  53  13:15  Widow Mine  
  53  13:16  Missile Turret  
  55  13:32  Command Center  
  55  13:36  Widow Mine  
  57  13:43  Missile Turret  
  57  13:51  Battlecruiser  
  57  13:54  Battlecruiser  
  69  14:55  Battlecruiser  
  69  14:58  Battlecruiser  
  81  15:24  Planetary Fortress  
  81  15:25  Refinery  
  81  15:51  Refinery  
  81  16:00  Terran Vehicle And Ship Armor Level 1  
  81  16:02  Battlecruiser  
  81  16:03  Rapid Reignition System  
  87  16:05  Drilling Claws  
  87  16:09  Terran Infantry Weapons Level 2  
  87  16:36  Raven  
  89  17:12  Missile Turret  
  89  17:24  Mag-Field Accelerator  
  89  17:34  Missile Turret  
  89  17:54  Terran Ship Weapons Level 1  
  89  17:57  Missile Turret  
  89  18:01  SCV  
  90  18:12  Marine  
  91  18:13  SCV  
  91  18:15  Marine  
  93  18:22  Supply Depot  
  93  18:24  Terran Infantry Armor Level 2  
  93  18:43  Marine x2, Siege Tank  
  93  18:44  Supply Depot  
  98  18:49  Battlecruiser  
  104  18:57  Battlecruiser  
  104  19:01  Marine x2  
  104  19:03  Infernal Pre-Igniter  
  104  19:08  Supply Depot  
  68  19:19  Marine x2  
  68  19:22  Missile Turret  
  68  19:37  Marine x2  
  41  20:11  Missile Turret  
  41  20:12  Refinery  
  27  21:07  Missile Turret  
Show
View Real Time Build Order
Export as new Build Order

Mistic Terran - Winner!

Build Orders: Command Center First (CC) 

Get SALT Encoding   

  12  0:09  SCV  
  13  0:21  SCV  
  14  0:42  SCV  
  15  0:48  Supply Depot  
  15  1:09  Refinery  
  15  1:11  Refinery  
  15  1:16  Command Center  
  15  1:19  SCV  
  16  1:31  SCV  
  17  1:43  SCV  
  17  1:47  Supply Depot  
  18  1:55  SCV  
  19  2:07  SCV  
  20  2:19  SCV  
  21  2:31  Refinery  
  21  2:37  Engineering Bay  
  21  2:40  Barracks  
  21  2:52  SCV  
  22  3:04  SCV  
  23  3:16  SCV  
  24  3:28  SCV, Factory  
  25  3:36  Orbital Command  
  25  3:40  SCV  
  26  3:42  Missile Turret  
  26  3:46  Missile Turret  
  26  3:52  SCV  
  27  4:04  SCV  
  28  4:12  Factory Tech Lab  
  28  4:16  SCV  
  29  4:21  Marine  
  27  4:33  Supply Depot  
  24  4:39  Marine, Siege Tank  
  27  4:57  Marine  
  28  5:07  Orbital Command  
  28  5:11  Refinery, Siege Tank  
  28  5:12  SCV  
  32  5:27  SCV  
  33  5:36  SCV  
  33  5:39  SCV  
  35  5:43  Siege Tank  
  35  5:48  SCV  
  39  5:51  SCV  
  40  6:00  SCV  
  40  6:01  Missile Turret  
  40  6:03  SCV  
  42  6:12  SCV  
  42  6:14  Command Center  
  42  6:15  SCV, Siege Tank  
  47  6:24  SCV  
  48  6:27  SCV  
  49  6:36  SCV  
  49  6:39  SCV  
  51  6:48  SCV  
  51  6:51  SCV  
  53  7:00  SCV, Missile Turret  
  54  7:07  Starport  
  54  7:17  Armory  
  54  7:21  Supply Depot  
  54  7:26  SCV  
  55  7:31  Supply Depot  
  55  7:35  Supply Depot  
  55  7:37  Orbital Command  
  55  7:38  SCV  
  56  7:45  Starport  
  56  7:48  Starport Tech Lab  
  56  7:49  Fusion Core  
  56  7:50  SCV  
  57  7:54  Armory  
  57  8:08  Medivac  
  57  8:09  Marine  
  60  8:14  Hellion  
  62  8:24  Starport Tech Lab  
  62  8:27  Marine  
  63  8:36  Hellion  
  65  8:45  Marine  
  65  8:47  Factory  
  66  8:48  Command Center  
  66  8:51  Factory  
  66  8:57  Hellion  
  68  9:03  Marine  
  68  9:08  Battlecruiser x2  
  81  9:16  Terran Ship Weapons Level 1  
  81  9:18  Terran Vehicle And Ship Armor Level 1  
  81  9:19  Hellion  
  81  9:20  Marine  
  84  9:36  Factory Reactor x2  
  84  9:40  Hellion  
  86  10:01  Hellion  
  88  10:08  Infernal Pre-Igniter  
  88  10:10  SCV  
  89  10:22  SCV  
  89  10:23  Hellion  
  92  10:34  SCV  
  93  10:46  SCV  
  88  11:15  Battlecruiser x2  
  99  11:20  Starport  
  99  11:29  Planetary Fortress  
  99  11:32  Refinery  
  99  11:37  Widow Mine  
  99  11:38  Widow Mine x3  
  107  12:52  Starport Tech Lab, Terran Vehicle And Ship Armor Level 2  
  107  12:53  Terran Ship Weapons Level 2  
  107  12:57  SCV  
  108  13:19  Command Center  
  108  13:24  Widow Mine  
  108  13:37  Refinery  
  108  13:39  SCV  
  108  13:40  Missile Turret  
  107  13:45  Missile Turret  
  107  13:49  Widow Mine  
  107  13:51  SCV  
  104  14:05  Supply Depot  
  104  14:09  Battlecruiser x2, Supply Depot  
  116  14:13  Supply Depot  
  116  14:23  Battlecruiser, Widow Mine x4  
  130  14:29  Missile Turret  
  130  14:33  Missile Turret  
  130  14:36  Supply Depot  
  130  14:43  Supply Depot  
  122  15:04  Widow Mine x2  
  122  15:05  Widow Mine x3  
  132  15:13  Battlecruiser x2  
  144  15:25  Starport  
  144  15:26  Widow Mine  
  144  15:27  Battlecruiser  
  152  15:56  Hellion x2  
  152  15:57  Hellion x3  
  162  16:17  Battlecruiser x2  
  162  16:18  Hellion  
  176  16:22  Starport Tech Lab  
  176  16:30  Widow Mine x2  
  176  16:31  Battlecruiser, Drilling Claws, Widow Mine x2  
  186  17:21  Battlecruiser  
  186  17:22  Planetary Fortress  
  172  17:37  Weapon Refit  
  170  17:54  Widow Mine x5  
  180  18:15  Widow Mine x4  
  180  18:16  Widow Mine  
  190  18:36  Widow Mine  
  192  18:41  Refinery  
  192  18:44  Refinery  
Show
View Real Time Build Order
Export as new Build Order

Slayer Protoss - Winner!

Build Orders:  

Get SALT Encoding   

  12  0:02  Probe  
  13  0:25  Pylon  
  13  0:30  Probe (Chrono Boost)  
  14  0:41  Probe (Chrono Boost)  
  15  0:43  Assimilator  
  15  0:45  Probe (Chrono Boost)  
  16  0:56  Probe  
  17  1:00  Gateway  
  17  1:08  Probe  
  18  1:12  Forge  
  18  1:21  Probe  
  19  1:32  Assimilator  
  19  1:34  Probe (Chrono Boost)  
  20  1:44  Probe (Chrono Boost)  
  20  1:46  Pylon  
  21  1:49  Probe (Chrono Boost)  
  21  1:52  Pylon  
  22  1:59  Pylon  
  22  2:00  Probe  
  23  2:11  Zealot  
  23  2:12  Probe  
  26  2:24  Photon Cannon  
  26  2:31  Photon Cannon  
  26  2:37  Probe  
  26  2:38  Zealot  
  29  2:49  Probe  
  30  2:58  Photon Cannon  
  30  3:01  Probe  
  31  3:13  Probe  
  31  3:14  Cybernetics Core  
  32  3:22  Pylon  
  32  3:38  Nexus  
  32  3:44  Probe  
  33  3:50  Warp Gate  
  33  3:56  Probe  
  33  3:59  Gateway  
  34  4:05  Pylon  
  34  4:08  Probe  
  35  4:14  Pylon  
  31  4:37  Photon Cannon  
  31  4:40  Photon Cannon  
  31  4:56  Gateway  
  31  5:11  Probe (Chrono Boost)  
  31  5:12  Photon Cannon  
  32  5:17  Assimilator  
  33  5:22  Probe (Chrono Boost), Assimilator  
  33  5:26  Probe (Chrono Boost)  
  34  5:34  Pylon  
  34  5:37  Probe  
  34  5:40  Pylon  
  35  5:49  Probe  
  36  6:01  Probe  
  37  6:05  Gateway  
  37  6:07  Gateway  
  37  6:11  Gateway  
  37  6:13  Probe  
  37  6:16  Gateway  
  38  6:24  Pylon  
  38  6:25  Probe  
  39  6:38  Probe  
  40  6:42  Robotics Facility  
  40  6:47  Robotics Facility  
  40  6:56  Forge  
  40  6:58  Forge  
  40  7:03  Pylon  
  40  7:18  Pylon  
  40  7:19  Gateway  
  40  7:22  Gateway  
  40  7:37  Gateway x2  
  40  7:44  Gateway  
  40  7:47  Gateway  
  40  7:55  Protoss Ground Armor Level 1, Protoss Ground Weapons Level 1  
  40  7:56  Protoss Shields Level 1  
  40  7:59  Observer  
  40  8:01  Observer  
  42  8:21  Observer  
  42  8:22  Observer  
  44  8:40  Observer  
  44  8:42  Observer  
  44  8:44  Observer  
  46  8:53  Nexus  
  46  9:04  Observer  
  46  9:05  Observer  
  48  9:25  Observer  
  48  9:26  Observer  
  49  10:02  Stalker x2  
  49  10:03  Stalker x2  
  49  10:04  Stalker x3  
  49  10:05  Stalker x4  
  49  10:06  Stalker  
  73  10:29  Nexus  
  73  11:30  Pylon  
  73  11:33  Pylon  
  73  11:36  Pylon  
  73  11:40  Assimilator  
  73  11:52  Twilight Council  
  63  12:44  Probe  
  63  12:50  Photon Cannon  
  62  12:52  Photon Cannon  
  62  12:56  Probe, Photon Cannon  
  59  13:01  Photon Cannon  
  55  13:08  Probe  
  56  13:20  Probe  
  56  13:24  Photon Cannon  
  56  13:27  Photon Cannon  
  57  13:33  Probe  
  58  13:34  Pylon  
  58  13:47  Blink (Chrono Boost)  
  58  13:48  Protoss Ground Weapons Level 2  
  58  13:49  Protoss Shields Level 2, Protoss Ground Armor Level 2  
  58  14:02  Immortal x2  
  73  14:47  Observer x2  
  67  15:09  Stalker, Observer x2  
  67  15:10  Stalker x2  
  67  15:11  Stalker x3  
  67  15:12  Stalker x2  
  67  15:13  Stalker x3  
  91  15:16  Stalker  
  93  15:27  Assimilator  
  93  15:30  Observer x2  
  93  16:27  Protoss Ground Weapons Level 3  
  93  16:28  Protoss Shields Level 3, Protoss Ground Armor Level 3  
  93  16:37  Stalker  
  93  16:38  Stalker x3  
  93  16:39  Stalker  
  103  16:40  Stalker x3  
  103  16:41  Stalker x3  
  103  16:42  Stalker  
  116  17:40  Stalker x2  
  116  17:41  Stalker x3  
  116  17:42  Stalker  
  128  17:45  Stalker x2  
  128  17:46  Stalker x2  
  128  17:47  Stalker x2  
  139  18:06  Immortal x2  
  147  18:19  Pylon  
  147  18:21  Pylon  
  147  18:22  Pylon  
  147  18:24  Pylon  
  147  18:25  Pylon  
  127  18:45  Immortal x2  
  121  19:14  Stalker x3  
  121  19:15  Stalker x3  
  133  19:17  Stalker x2  
  133  19:18  Stalker x3  
  133  19:19  Stalker  
  145  19:24  Immortal x2  
  153  19:34  Observer  
  151  20:03  Immortal  
  151  20:04  Immortal  
  159  20:43  Immortal x2  
  167  21:09  Stalker  
  167  21:10  Stalker x4  
  167  21:11  Stalker x5  
  181  21:12  Stalker x2  
  191  21:22  Immortal x2  
  193  21:32  Observer  
  191  21:45  Stalker x4  
Show
View Real Time Build Order
Export as new Build Order

goojin Protoss - Winner!

Build Orders: Carriers 

Get SALT Encoding   

  12  0:32  Pylon  
  12  0:37  Probe (Chrono Boost)  
  13  0:47  Probe (Chrono Boost)  
  14  0:52  Probe (Chrono Boost)  
  14  0:54  Gateway  
  15  1:06  Gateway  
  15  1:13  Forge  
  15  1:20  Probe (Chrono Boost)  
  16  1:30  Probe (Chrono Boost)  
  17  1:35  Probe (Chrono Boost)  
  18  1:47  Probe  
  19  1:57  Nexus  
  19  2:03  Assimilator  
  19  2:09  Pylon  
  19  2:16  Assimilator  
  19  2:24  Cybernetics Core  
  19  2:30  Photon Cannon  
  19  2:48  Photon Cannon  
  19  2:52  Photon Cannon  
  19  3:00  Probe (Chrono Boost)  
  20  3:10  Probe (Chrono Boost)  
  20  3:12  Probe (Chrono Boost)  
  22  3:15  Probe (Chrono Boost)  
  22  3:17  Assimilator  
  23  3:21  Probe  
  23  3:23  Assimilator  
  25  3:27  Probe (Chrono Boost)  
  25  3:35  Probe (Chrono Boost)  
  26  3:45  Probe (Chrono Boost)  
  28  3:49  Probe (Chrono Boost)  
  28  3:50  Probe (Chrono Boost)  
  29  3:59  Probe  
  29  4:01  Probe  
  31  4:11  Probe  
  31  4:12  Pylon  
  31  4:13  Probe  
  33  4:37  Stargate  
  33  4:40  Stargate  
  33  4:45  Stargate  
  32  4:53  Stargate  
  32  5:03  Probe  
  33  5:13  Pylon  
  33  5:20  Probe  
  34  5:32  Probe  
  35  5:38  Photon Cannon  
  35  5:42  Probe (Chrono Boost)  
  36  5:49  Probe (Chrono Boost)  
  37  5:53  Probe (Chrono Boost)  
  37  5:56  Fleet Beacon  
  39  5:58  Probe (Chrono Boost)  
  39  5:59  Probe (Chrono Boost)  
  40  6:08  Probe  
  40  6:09  Probe  
  42  6:20  Probe  
  42  6:21  Probe  
  44  6:33  Probe  
  45  6:42  Carrier  
  45  6:45  Probe  
  52  6:48  Carrier  
  58  6:57  Pylon  
  58  6:59  Pylon  
  58  7:03  Pylon  
  58  7:06  Pylon  
  58  7:13  Pylon  
  58  7:14  Pylon  
  58  7:16  Carrier  
  58  7:20  Pylon  
  64  7:24  Carrier  
  70  7:57  Carrier  
  82  7:58  Carrier  
  82  8:43  Carrier  
  82  8:45  Carrier  
  94  9:32  Carrier  
  94  9:33  Carrier  
  94  9:35  Nexus  
  106  9:45  Assimilator  
  106  9:50  Assimilator  
  106  9:54  Pylon  
  106  9:57  Pylon  
  106  10:00  Pylon  
  106  10:05  Pylon  
  106  10:15  Photon Cannon  
  106  10:16  Photon Cannon  
  106  10:20  Photon Cannon  
  106  10:25  Photon Cannon  
  106  10:27  Photon Cannon  
  106  10:43  Carrier x2, Pylon  
  106  10:44  Carrier  
  124  11:07  Photon Cannon  
  124  11:09  Shield Battery  
  124  11:11  Shield Battery  
  124  11:14  Shield Battery  
  124  11:15  Shield Battery  
  124  11:23  Photon Cannon  
  124  11:24  Photon Cannon  
  124  11:29  Photon Cannon  
  124  11:30  Photon Cannon  
  124  12:49  Pylon  
  124  13:05  Pylon  
  124  13:10  Pylon  
  124  13:12  Pylon  
  124  13:13  Pylon  
  124  13:23  Photon Cannon  
  124  13:24  Photon Cannon  
  124  13:29  Photon Cannon  
  124  13:31  Photon Cannon  
  124  13:33  Photon Cannon  
  124  13:36  Shield Battery  
  124  13:39  Shield Battery  
  124  13:40  Shield Battery  
  124  13:51  Carrier (Chrono Boost)  
  124  13:52  Carrier (Chrono Boost)  
  124  13:53  Carrier x2 (Chrono Boost)  
  148  14:10  Protoss Air Weapons Level 1  
  148  14:52  Carrier (Chrono Boost)  
  148  14:53  Carrier x3 (Chrono Boost)  
  172  15:12  Photon Cannon  
  172  15:14  Photon Cannon  
  172  15:17  Photon Cannon  
  184  16:03  Phoenix  
  184  16:04  Phoenix x3  
  178  16:06  Anion Pulse-Crystals  
  180  16:18  Protoss Air Armor Level 1  
  180  16:28  Phoenix  
  180  16:29  Phoenix x3  
  188  18:34  Protoss Air Weapons Level 2  
  182  19:10  Mothership  
Tags
 
Add a new tag
Caveats
  • Supply blocks, unpowered buildings, or Contaminate may cause inaccurate times.
  • Supply counts are checked every 10 seconds.